 Dungeon Crawl Stone Soup version 0.17-a0-1582-ge6b0260 (webtiles) character file.

170 karlkraus the Shield-Bearer (level 5, -10/47 HPs)
             Began as a Minotaur Fighter on July 27, 2015.
             Mangled by an ice beast (11 damage)
             ... on level 3 of the Dungeon.
             The game lasted 00:04:19 (1462 turns).

karlkraus the Shield-Bearer (Minotaur Fighter)      Turns: 1462, Time: 00:04:19

Health: -10/47     AC:  7    Str: 22    XL:     5   Next: 25%
Magic:  4/4        EV:  8    Int:  5    God:
Gold:   113        SH: 10    Dex:  9    Spells: 0 memorised, 4 levels left

rFire  . . .     SeeInvis .     a - +0 long sword
rCold  . . .     Clarity  .     b - +0 scale mail
rNeg   . . .     SustAt   .     c - +0 shield
rPois  .         Gourm    .     (helmet restricted)
rElec  .         Spirit   .     (no cloak)
rCorr  .         Warding  .     (no gloves)
rMut   .         Stasis   .     (no boots)
MR     .....                    (no amulet)
Stlth  ..........               (no ring)
                                (no ring)

@: not resistant to hostile enchantments, extremely unstealthy
A: retaliatory headbutt, horns 2
a: no special abilities


You were on level 3 of the Dungeon.
You were not hungry.

You visited 1 branch of the dungeon, and saw 3 of its levels.

You collected 113 gold pieces.

Inventory:

Hand weapons
 a - a +0 long sword (weapon)
Armour
 b - a +0 scale mail (worn)
 c - a +0 shield (worn)
Scrolls
 i - 3 scrolls of identify {unknown}
 j - a scroll of blinking {unknown}
 m - a scroll of recharging {unknown}
 n - a scroll of enchant weapon {unknown}
 o - 2 scrolls of remove curse {unknown}
 p - a scroll of noise {unknown}
 q - a scroll of magic mapping {unknown}
 r - a scroll of fear {unknown}
Potions
 d - a potion of might
 f - a potion of lignification {unknown}
 g - a potion of resistance {unknown}
 h - a potion of flight {unknown}
 s - a potion of magic {unknown}
Comestibles
 e - 3 bread rations
 k - 2 meat rations
 l - a beef jerky
 t - a chunk of flesh


   Skills:
 + Level 4.5 Fighting
 + Level 3.1 Long Blades
 + Level 4.6 Armour
 + Level 1.8 Dodging
 + Level 5.1 Shields


You had 4 spell levels left.
You didn't know any spells.

Dungeon Overview and Level Annotations

Branches:
Dungeon (3/15)

Altars:
Elyvilon
The Shining One


Innate Abilities, Weirdness & Mutations

You reflexively headbutt those who attack you in melee.
You have a pair of horns on your head.


Message History

You block the ice beast's attack.
You closely miss the ice beast. You headbutt the ice beast!
The ice beast is heavily wounded.
The ice beast hits you. The ice beast freezes you!
* * * LOW HITPOINT WARNING * * *
You are too injured to fight recklessly!
You are too injured to fight recklessly!
You are too injured to fight recklessly!
You are too injured to fight recklessly!
You are too injured to fight recklessly!
You block the ice beast's attack.
You closely miss the ice beast.
The ice beast is heavily wounded.
You block the ice beast's attack.
You slash the ice beast!
The ice beast is severely wounded.
The ice beast hits you.
* * * LOW HITPOINT WARNING * * *
The ice beast freezes you!
You die...

....####.#.##.(...# ##.
#......##.....#
#.##.##......###.#
#.......###### ..#
####.#### #.# ###.###
#+# #.....#
♣♣♣♣♣♣.♣♣♣♣♣♣ #.#.#.###
♣....g......♣
#.#.#...##♣...@Y......♣
#.#......#♣...♣♣♣♣♣...♣
###........#♣.....♣
...♣
.........#.#♣.....♣
...♣
##.......#.'..♣♣♣♣♣
♣♣..+
#.##.##.###♣....)♣ .♣#
#.##..#.# ♣.....♣ ♣
#.###.#.# ♣...♣♣♣
#.......# ♣.....


You could see an ice beast and a hobgoblin.

Vanquished Creatures
  Jessica (D:2)
  3 gnolls (D:3)
  6 adders (D:2)
  An ooze (D:3)
  A worm (D:3)
  A giant gecko (D:2)
  An orc (D:3)
  A giant cockroach (D:2)
  7 hobgoblins
  5 jackals
  A quokka (D:3)
  A ball python (D:1)
  9 bats
  2 giant newts
  6 goblins
  8 kobolds
  2 rats
56 creatures vanquished.

Notes
Turn   | Place    | Note
--------------------------------------------------------------
     0 | D:1      | karlkraus the Minotaur Fighter began the quest for the Orb.
     0 | D:1      | Reached XP level 1. HP: 19/19 MP: 0/0
   189 | D:1      | Reached XP level 2. HP: 14/27 MP: 1/1
   448 | D:1      | Reached skill level 4 in Fighting
   628 | D:2      | Reached XP level 3. HP: 31/33 MP: 2/2
   728 | D:2      | Found a white marble altar of Elyvilon.
   747 | D:2      | Reached XP level 4. HP: 21/40 MP: 3/3
   799 | D:2      | Reached skill level 1 in Dodging
   911 | D:2      | Noticed Jessica
   921 | D:2      | Killed Jessica
  1147 | D:3      | Reached skill level 5 in Shields
  1309 | D:3      | Reached XP level 5. HP: 47/47 MP: 4/4
  1388 | D:3      | Found a glowing golden altar of the Shining One.
  1450 | D:3      | Noticed an ice beast
  1456 | D:3      | HP: 2/47 [ice beast (14)]
  1462 | D:3      | HP: 1/47 [ice beast (2)]
  1462 | D:3      | Mangled by an ice beast

Vault maps used:
D:1:      noname_arrival_rooms_in_the_neighbourhood
D:2:      overflow_temple_1_default, kennysheep_generic_room_7, uniq_jessica
D:3:      nicolae_overflow_hidden_temple, first_bread,
          kennysheep_generic_room_16

Action                   |  1- 3 |  4- 6 || total
-------------------------+-------+-------++-------
Melee: Long sword        |    91 |    76 ||   167
  Eat: Chunk             |       |     2 ||     2
